[Event "ICC tourney 3063 (30 10)"]
[Site "Internet Chess Club"]
[Date "2022.11.19"]
[Round "1"]
[White "Belous, Vladimir:Openyagami"]
[Black "YAN, BENJAMIN:i2good4u734"]
[Result "0-1"]
[ICCResult "White resigns"]
[WhiteElo "2575"]
[BlackElo "1992"]
[Opening "QGD semi-Slav: Stoltz variation"]
[ECO "D45"]
[NIC "SL.08"]
[Time "12:00:35"]
[PlyCount "44"]
[TimeControl "1800+10"]

1. c4 c6 2. Nf3 d5 3. e3 Nf6 4. d4 e6 5. Nc3 Nbd7 6. Qc2 Bd6 7. g4 h6 8. Rg1
e5 9. g5 hxg5 10. Nxg5 Qe7 11. dxe5 Nxe5 12. cxd5 Nxd5 13. Nxd5 cxd5 14.
Bb5+ Bd7 15. Bxd7+ Qxd7 16. f4 Rc8 17. Qe2 Bb4+ 18. Kf1 f6 19. fxe5 fxg5 20.
Rxg5 Qh3+ 21. Kg1 O-O 22. Qg2 Rxc1+ {White resigns} 0-1

[Event "ICC tourney 3063 (30 10)"]
[Site "Internet Chess Club"]
[Date "2022.11.19"]
[Round "1"]
[White "MARKOVIC, GORAN:Goran21"]
[Black "Volkov, Sergey:Volkov"]
[Result "0-1"]
[ICCResult "White resigns"]
[WhiteElo "1955"]
[BlackElo "2525"]
[Opening "French defense"]
[ECO "C11"]
[NIC "FR.04"]
[Time "12:00:29"]
[PlyCount "118"]
[TimeControl "1800+10"]

1. e4 e6 2. d4 d5 3. Nc3 Nf6 4. exd5 exd5 5. Bd3 c6 6. Nf3 Bd6 7. Ne5 O-O 8.
O-O Re8 9. f4 Qb6 10. Kh1 g6 11. Ne2 Bg4 12. Nxg4 Nxg4 13. Ng3 h5 14. c3 Qc7
15. h3 Nf6 16. Qf3 Nbd7 17. Bd2 Re7 18. Rfe1 Rae8 19. Nf1 Ne4 20. Bxe4 Rxe4
21. f5 Kg7 22. Rxe4 Rxe4 23. fxg6 fxg6 24. Bg5 Be7 25. Be3 Re6 26. Nd2 Rf6
27. Qe2 Rf7 28. Re1 Qg3 29. Nf1 Qh4 30. Nd2 Bd6 31. Nf3 Rxf3 32. gxf3 Qxh3+
33. Kg1 Qg3+ 34. Kf1 Qh3+ 35. Qg2 Qf5 36. Bg5 Kf7 37. a3 Nf8 38. Bh6 Ne6 39.
Bc1 g5 40. Kg1 Kf6 41. Qe2 Bg3 42. Rf1 h4 43. Be3 Kf7 44. Bd2 a6 45. b4 Qc2
46. Rc1 Qg6 47. Be3 Qf6 48. Qd3 Kg7 49. Rf1 h3 50. c4 Bf4 51. Bf2 Bc7 52.
Be3 Nf4 53. Qc2 Ng2 54. Qd2 Qd6 55. f4 gxf4 56. Bf2 dxc4 57. Rc1 Qg6 58. Kf1
h2 59. Ke2 Qe4+ {White resigns} 0-1

[Event "ICC tourney 3063 (30 10)"]
[Site "Internet Chess Club"]
[Date "2022.11.19"]
[Round "1"]
[White "HEBDEN, MARK L:mhebden"]
[Black "GU, CRYSTAL JIUZHOU:fantasymoon"]
[Result "1-0"]
[ICCResult "Black checkmated"]
[WhiteElo "2539"]
[BlackElo "1956"]
[Opening "QGD Slav: 3.Nf3"]
[ECO "D11"]
[NIC "QP.08"]
[Time "12:00:35"]
[PlyCount "55"]
[TimeControl "1800+10"]

1. d4 d5 2. Nf3 c6 3. c4 e6 4. e3 Nf6 5. Bd3 dxc4 6. Bxc4 b5 7. Bd3 Bb7 8.
e4 Nbd7 9. O-O Qb6 10. a4 a6 11. Re1 Bb4 12. Nc3 O-O 13. e5 Nd5 14. Bxh7+
Kh8 15. Bc2 g6 16. Qd2 Bxc3 17. Qh6+ Kg8 18. Ng5 N7f6 19. bxc3 Qc7 20. Re4
Rfe8 21. exf6 Nxf6 22. Rh4 Nh5 23. Rxh5 gxh5 24. Qh7+ Kf8 25. Ba3+ b4 26.
Bxb4+ c5 27. Bxc5+ Qxc5 28. Qxf7# {Black checkmated} 1-0

[Event "ICC tourney 3063 (30 10)"]
[Site "Internet Chess Club"]
[Date "2022.11.19"]
[Round "1"]
[White "REDDY, SATVIK:chesslead"]
[Black "Tang, Austin:Mrpeetapizza"]
[Result "1-0"]
[ICCResult "Black resigns"]
[WhiteElo "2320"]
[BlackElo "1903"]
[Opening "Sicilian: Richter-Rauzer, Larsen variation, 7.Qd2"]
[ECO "B61"]
[NIC "SI.27"]
[Time "12:00:36"]
[PlyCount "103"]
[TimeControl "1800+10"]

1. e4 c5 2. Nf3 d6 3. d4 cxd4 4. Nxd4 Nf6 5. Nc3 Nc6 6. Bg5 Bd7 7. Qd2 Rc8
8. O-O-O Nxd4 9. Qxd4 Qa5 10. Bd2 a6 11. f3 Qc5 12. Qxc5 Rxc5 13. Be3 Rc8
14. g4 Be6 15. Kb1 g6 16. Bd4 Bg7 17. Nd5 Bxd5 18. exd5 O-O 19. h4 h5 20.
Rg1 hxg4 21. fxg4 Nd7 22. Be3 Ne5 23. h5 Nc4 24. Bc1 b5 25. hxg6 fxg6 26. g5
Be5 27. Bh3 Rb8 28. Be6+ Kg7 29. b3 Nb6 30. Be3 Rf3 31. Rdf1 Rxe3 32. Rf7+
Kg8 33. Rf3+ Kg7 34. Rf7+ Kg8 35. Rgf1 Rh3 36. Rf8+ Kh7 37. Rxb8 Rh5 38.
Rxb6 Rxg5 39. Rxa6 Bf6 40. Rb6 Re5 41. Rxb5 g5 42. a4 g4 43. Bxg4 Rg5 44.
Be6 Bd4 45. a5 Rg2 46. a6 Kh6 47. Rb7 Re2 48. a7 Bxa7 49. Rxa7 Re3 50. Rg1
Re2 51. Ra8 Kh7 52. Bf5+ {Black resigns} 1-0

[Event "ICC tourney 3063 (30 10)"]
[Site "Internet Chess Club"]
[Date "2022.11.19"]
[Round "1"]
[White "PANESAR, VEDANT SUSHPAL:fighter098"]
[Black "NATHAN, NITISH SG:K06-15494283"]
[Result "1-0"]
[ICCResult "Black resigns"]
[WhiteElo "2437"]
[BlackElo "1947"]
[Opening "Sicilian: Labourdonnais-Löwenthal (Kalashnikov) variation"]
[ECO "B32"]
[NIC "SI.32"]
[Time "12:00:33"]
[PlyCount "105"]
[TimeControl "1800+10"]

1. e4 c5 2. Nf3 Nc6 3. d4 cxd4 4. Nxd4 e5 5. Nb5 d6 6. c4 Be7 7. N1c3 a6 8.
Na3 f5 9. exf5 Bxf5 10. Bd3 Be6 11. O-O Nf6 12. Bg5 O-O 13. Nc2 Qd7 14. Ne3
Nd4 15. Bxf6 Bxf6 16. Ned5 Bxd5 17. Nxd5 Bd8 18. Be4 Rc8 19. Qd3 h6 20. Rac1
Qg4 21. f3 Qd7 22. Kh1 Kh8 23. f4 Bc7 24. fxe5 dxe5 25. Rxf8+ Rxf8 26. Rf1
Rxf1+ 27. Qxf1 Bd6 28. b4 Qe8 29. c5 Qf8 30. Qxf8+ Bxf8 31. Nb6 a5 32. Nd7
Be7 33. bxa5 Ne6 34. Bxb7 Nxc5 35. Nxe5 Bf6 36. Nf7+ Kg8 37. Nd6 Be7 38. Nc8
Bf8 39. a6 Nxa6 40. Bxa6 Kf7 41. a4 Kf6 42. Nb6 Ke7 43. Bb5 Kd6 44. Nd7 Be7
45. a5 Bg5 46. a6 Be3 47. g3 Ba7 48. Kg2 Ke6 49. Kf3 Kf5 50. h4 g5 51. g4+
Ke6 52. hxg5 hxg5 53. Ke4 {Black resigns} 1-0

[Event "ICC tourney 3063 (30 10)"]
[Site "Internet Chess Club"]
[Date "2022.11.19"]
[Round "1"]
[White "TAO, SIHAN:K06-16931716"]
[Black "YAN, RUIYANG:jy2020"]
[Result "0-1"]
[ICCResult "White forfeits on time"]
[WhiteElo "1901"]
[BlackElo "2227"]
[Opening "Sicilian: Najdorf, Byrne (English) attack"]
[ECO "B90"]
[NIC "SI.14"]
[Time "12:00:27"]
[PlyCount "68"]
[TimeControl "1800+10"]

1. e4 c5 2. Nf3 d6 3. d4 cxd4 4. Nxd4 Nf6 5. Nc3 a6 6. Be3 e5 7. Nb3 Be6 8.
f3 h5 9. Nd5 Bxd5 10. exd5 Nbd7 11. Qd2 g6 12. O-O-O Qc7 13. Kb1 b6 14. c4
a5 15. Be2 Bg7 16. Rhe1 O-O 17. h3 h4 18. Bf2 Nc5 19. Na1 Nh5 20. Bxh4 Rfe8
21. Bf2 Qd7 22. h4 Nf4 23. g3 Nxe2 24. Rxe2 Qf5+ 25. Nc2 Qxf3 26. Rde1 Qf5
27. Be3 Ne4 28. Qc1 Nxg3 29. Rg2 Nh5 30. Reg1 Kh7 31. Rf1 Qe4 32. Rgg1 Re7
33. Qd1 Qxc4 34. Rg5 Rc8 {White forfeits on time} 0-1

[Event "ICC tourney 3063 (30 10)"]
[Site "Internet Chess Club"]
[Date "2022.11.19"]
[Round "1"]
[White "Turcotte, Jonathan:JonnyTurgi"]
[Black "RASULOV, VUGAR:Vugar-Rasulov"]
[Result "0-1"]
[ICCResult "White resigns"]
[WhiteElo "2000"]
[BlackElo "2575"]
[Opening "QGD: 4.Nf3"]
[ECO "D37"]
[NIC "QI.01"]
[Time "12:00:34"]
[PlyCount "90"]
[TimeControl "1800+10"]

1. d4 Nf6 2. c4 e6 3. Nf3 d5 4. Nc3 Nbd7 5. Bg5 Bb4 6. cxd5 exd5 7. e3 c5 8.
Qc2 Qa5 9. Bd3 c4 10. Bf5 O-O 11. O-O Re8 12. Nd2 Bxc3 13. Qxc3 Qxc3 14.
bxc3 g6 15. Bc2 Kg7 16. Bf4 Nh5 17. Bc7 Re6 18. h3 f5 19. Rfe1 Nhf6 20. f3
Nb8 21. e4 Nc6 22. g4 fxe4 23. fxe4 h6 24. Bf4 b5 25. a3 Bb7 26. Rab1 a6 27.
g5 hxg5 28. Bxg5 Nxe4 29. Nxe4 dxe4 30. Rxe4 Rxe4 31. Bxe4 Re8 32. Bf3 Na5
33. Bg4 Nb3 34. Rd1 Bd5 35. Bf4 Rf8 36. Rf1 Rf7 37. Bc8 a5 38. Ba6 b4 39.
cxb4 axb4 40. axb4 Kg8 41. Be3 Re7 42. Bg5 Re6 43. Bc8 Re2 44. b5 Rg2+ 45.
Kh1 Rxg5+ {White resigns} 0-1

[Event "ICC tourney 3063 (30 10)"]
[Site "Internet Chess Club"]
[Date "2022.11.19"]
[Round "1"]
[White "SCHENK, SAM:SupaHotFiya"]
[Black "IVANOV, ALEXANDER:marble"]
[Result "0-1"]
[ICCResult "White resigns"]
[WhiteElo "1927"]
[BlackElo "2362"]
[Opening "Robatsch defense: two knights, Suttles variation"]
[ECO "B06"]
[NIC "KF.05"]
[Time "12:00:28"]
[PlyCount "66"]
[TimeControl "1800+10"]

1. e4 g6 2. d4 Bg7 3. Nc3 c6 4. Nf3 d6 5. Bc4 Nf6 6. Qe2 d5 7. Bb3 Bg4 8. e5
Nfd7 9. Be3 e6 10. h3 Bxf3 11. Qxf3 O-O 12. O-O c5 13. dxc5 Nc6 14. Ne2 Qa5
15. c3 Ncxe5 16. Qg3 Nd3 17. Bd4 N3xc5 18. Bxg7 Kxg7 19. Bc2 Qb5 20. Nd4
Qxb2 21. a4 Qb6 22. a5 Qd8 23. f4 Kh8 24. Qe3 Rc8 25. g4 Qf6 26. g5 Qg7 27.
h4 f5 28. Ba4 e5 29. Nb5 Ne4 30. Rac1 Ndc5 31. Bd1 a6 32. Na3 exf4 33. Qxf4
Nd3 {White resigns} 0-1

[Event "ICC tourney 3063 (30 10)"]
[Site "Internet Chess Club"]
[Date "2022.11.19"]
[Round "1"]
[White "NASUTA, GRZEGORZ:grzechu96"]
[Black "LIANG, YU-CHENG:Yucheng"]
[Result "1-0"]
[ICCResult "Black resigns"]
[WhiteElo "2589"]
[BlackElo "2063"]
[Opening "Caro-Kann: advance variation"]
[ECO "B12"]
[NIC "CK.04"]
[Time "12:00:34"]
[PlyCount "75"]
[TimeControl "1800+10"]

1. e4 c6 2. d4 d5 3. e5 Bf5 4. Nf3 e6 5. Be2 Nd7 6. O-O Bg6 7. a4 Nh6 8. a5
a6 9. c3 Be7 10. b4 Nf5 11. g4 Nh4 12. Nxh4 Bxh4 13. f4 f5 14. exf6 Bxf6 15.
Bd3 O-O 16. Bxg6 hxg6 17. g5 Be7 18. Qe2 Rf7 19. Qxe6 Nf8 20. Qg4 Bd6 21.
Ra2 Qd7 22. Qxd7 Nxd7 23. Raf2 Raf8 24. Na3 Rf5 25. Nc2 R8f7 26. Ne1 Nf8 27.
Ng2 Re7 28. Ne3 Rff7 29. f5 Re4 30. h3 Be7 31. f6 gxf6 32. gxf6 Bd8 33. Ng4
Rh7 34. Kg2 Nd7 35. f7+ Kf8 36. Bh6+ Rxh6 37. Nxh6 Bg5 38. Ng4 {Black
resigns} 1-0

[Event "ICC tourney 3063 (30 10)"]
[Site "Internet Chess Club"]
[Date "2022.11.19"]
[Round "2"]
[White "NATHAN, NITISH SG:K06-15494283"]
[Black "Turcotte, Jonathan:JonnyTurgi"]
[Result "1-0"]
[ICCResult "Black resigns"]
[WhiteElo "1947"]
[BlackElo "2000"]
[Opening "Queen's pawn, Mason variation, Steinitz counter-gambit"]
[ECO "D00"]
[NIC "QP.08"]
[Time "14:00:14"]
[PlyCount "65"]
[TimeControl "1800+10"]

1. d4 d5 2. Bf4 c5 3. e3 Nc6 4. Nf3 Nf6 5. Nbd2 cxd4 6. exd4 a6 7. c3 Bf5 8.
Qb3 Na5 9. Qd1 Rc8 10. Ne5 h6 11. Be2 e6 12. Qa4+ Nc6 13. Nxc6 Rxc6 14. Bxa6
bxa6 15. Qxc6+ Nd7 16. Qxa6 Be7 17. O-O O-O 18. b4 g5 19. Bd6 Bf6 20. Bxf8
Kxf8 21. a4 Qc7 22. Nf3 Be4 23. Nd2 Bg6 24. Rac1 Qf4 25. Qe2 e5 26. Qe3 Qf5
27. a5 exd4 28. cxd4 Qd3 29. Rc8+ Kg7 30. Qe8 Bh7 31. Qxd7 Qxd2 32. Qxd5
Bxd4 33. Rd8 {Black resigns} 1-0

[Event "ICC tourney 3063 (30 10)"]
[Site "Internet Chess Club"]
[Date "2022.11.19"]
[Round "2"]
[White "Tang, Austin:Mrpeetapizza"]
[Black "MARKOVIC, GORAN:Goran21"]
[Result "1-0"]
[ICCResult "Black resigns"]
[WhiteElo "1903"]
[BlackElo "1955"]
[Opening "Sicilian"]
[ECO "B54"]
[NIC "SI.01"]
[Time "14:00:10"]
[PlyCount "71"]
[TimeControl "1800+10"]

1. e4 c5 2. Nf3 d6 3. d4 cxd4 4. Nxd4 e5 5. Bb5+ Bd7 6. Bxd7+ Qxd7 7. Nf5
Nf6 8. Nc3 Nxe4 9. Nxe4 Qxf5 10. Nxd6+ Bxd6 11. Qxd6 Nc6 12. O-O Rd8 13. Qc5
Qe6 14. Be3 Rd5 15. Qa3 Ra5 16. Qb3 Qxb3 17. axb3 Rxa1 18. Rxa1 a5 19. Bb6
O-O 20. Rd1 f6 21. Rd5 Ra8 22. Rd7 a4 23. g3 axb3 24. cxb3 Ra1+ 25. Kg2 Rb1
26. Rxb7 Rxb2 27. Bc5 h5 28. b4 e4 29. b5 Ne5 30. Bd4 Rc2 31. b6 Nf3 32. Rc7
Rd2 33. b7 Rd1 34. b8=Q+ Kh7 35. Bxf6 Rg1+ 36. Kh3 {Black resigns} 1-0

[Event "ICC tourney 3063 (30 10)"]
[Site "Internet Chess Club"]
[Date "2022.11.19"]
[Round "2"]
[White "Volkov, Sergey:Volkov"]
[Black "CHINNI, RISHABH:alphachesplayer"]
[Result "1-0"]
[ICCResult "Black checkmated"]
[WhiteElo "2525"]
[BlackElo "1986"]
[Opening "Nimzo-Indian: Kmoch variation"]
[ECO "E20"]
[NIC "NI.30"]
[Time "14:00:12"]
[PlyCount "43"]
[TimeControl "1800+10"]

1. d4 Nf6 2. c4 e6 3. Nc3 Bb4 4. f3 O-O 5. a3 Bxc3+ 6. bxc3 c5 7. e4 d6 8.
Bd3 Nc6 9. Ne2 b6 10. Bg5 h6 11. Bh4 e5 12. d5 Na5 13. Qc2 Ba6 14. Qa2 g5
15. Bf2 Qd7 16. a4 Kg7 17. Ng3 h5 18. h4 g4 19. Qd2 Qd8 20. Nf5+ Kh7 21.
Qh6+ Kg8 22. Qg7# {Black checkmated} 1-0

[Event "ICC tourney 3063 (30 10)"]
[Site "Internet Chess Club"]
[Date "2022.11.19"]
[Round "2"]
[White "YAN, RUIYANG:jy2020"]
[Black "HEBDEN, MARK L:mhebden"]
[Result "1-0"]
[ICCResult "Black resigns"]
[WhiteElo "2227"]
[BlackElo "2539"]
[Opening "Ruy Lopez: closed defense"]
[ECO "C84"]
[NIC "RL.13"]
[Time "14:00:09"]
[PlyCount "83"]
[TimeControl "1800+10"]

1. e4 e5 2. Nf3 Nc6 3. Bb5 a6 4. Ba4 Nf6 5. O-O Be7 6. d3 b5 7. Bb3 d6 8. a3
O-O 9. Nc3 Rb8 10. h3 Bd7 11. Be3 a5 12. Nd5 a4 13. Ba2 b4 14. Nxf6+ Bxf6
15. axb4 Rxb4 16. b3 Ne7 17. c3 Rb8 18. bxa4 c5 19. Qc2 Qa5 20. Bc4 h6 21.
Nd2 Bg5 22. Nb3 Qd8 23. a5 Ng6 24. a6 Ra8 25. Qd2 Ra7 26. d4 cxd4 27. cxd4
Bxe3 28. Qxe3 Qb6 29. Rfb1 Be6 30. Bxe6 fxe6 31. Na5 Qxa6 32. dxe5 Nxe5 33.
Nb3 Qxa1 34. Rxa1 Rb7 35. Nd4 Rf6 36. Qc3 Rbf7 37. f3 Kh7 38. Ra6 Ng6 39.
Rxd6 Nf4 40. e5 Rg6 41. Qc2 Kh8 42. Nxe6 {Black resigns} 1-0

[Event "ICC tourney 3063 (30 10)"]
[Site "Internet Chess Club"]
[Date "2022.11.19"]
[Round "2"]
[White "Guo, Anni:movingkid"]
[Black "Belous, Vladimir:Openyagami"]
[Result "0-1"]
[ICCResult "White resigns"]
[WhiteElo "1900"]
[BlackElo "2575"]
[Opening "Sicilian: Labourdonnais-Löwenthal (Kalashnikov) variation"]
[ECO "B32"]
[NIC "SI.32"]
[Time "14:00:13"]
[PlyCount "86"]
[TimeControl "1800+10"]

1. e4 c5 2. Nf3 Nc6 3. d4 cxd4 4. Nxd4 e5 5. Nb5 d6 6. c4 g6 7. N1c3 a6 8.
Na3 Be6 9. Be3 Bh6 10. Bxh6 Nxh6 11. Qd2 Ng4 12. f3 Nf6 13. O-O-O Qb6 14.
Na4 Qb4 15. Qxb4 Nxb4 16. Rxd6 Nxa2+ 17. Kb1 Nb4 18. Nc5 Nd7 19. Nxe6 fxe6
20. Rxe6+ Kf7 21. Rd6 Ke7 22. Rd2 Nc5 23. Nc2 Nb3 24. Rd1 Nxc2 25. Kxc2 Nd4+
26. Kd2 b5 27. Ke3 Rhc8 28. Rc1 Rc7 29. Bd3 Rac8 30. Rc3 b4 31. Rcc1 a5 32.
Rhd1 g5 33. Rb1 a4 34. Ra1 Ra8 35. Ra2 Ne6 36. b3 a3 37. Bc2 Nd4 38. Rd2 Rd8
39. Bd1 Rcd7 40. g3 Nf5+ 41. Ke2 Rxd2+ 42. Rxd2 Rxd2+ 43. Kxd2 a2
{White resigns}
0-1

[Event "ICC tourney 3063 (30 10)"]
[Site "Internet Chess Club"]
[Date "2022.11.19"]
[Round "2"]
[White "YAN, BENJAMIN:i2good4u734"]
[Black "PANESAR, VEDANT SUSHPAL:fighter098"]
[Result "0-1"]
[ICCResult "White resigns"]
[WhiteElo "1992"]
[BlackElo "2437"]
[Opening "QGD: Ragozin variation"]
[ECO "D38"]
[NIC "NI.27"]
[Time "14:01:56"]
[PlyCount "114"]
[TimeControl "1800+10"]

1. d4 Nf6 2. c4 e6 3. Nf3 d5 4. Nc3 Bb4 5. cxd5 exd5 6. Bg5 h6 7. Bh4 c5 8.
dxc5 Nbd7 9. Qd4 Qa5 10. a3 Bxc5 11. Qd2 Bb4 12. Qd4 Bxc3+ 13. bxc3 O-O 14.
Qb4 Qxb4 15. cxb4 a5 16. b5 Ne4 17. e3 Ndc5 18. Be7 Re8 19. Bxc5 Nxc5 20.
Rc1 b6 21. Nd4 Bd7 22. Be2 Rac8 23. O-O Ne4 24. Nc6 Kf8 25. Rfd1 Nf6 26. Bf3
Be6 27. Rd4 Rc7 28. g4 Rec8 29. Rcd1 Bd7 30. Bxd5 Nxd5 31. Rxd5 Bxc6 32.
bxc6 Rxc6 33. Rb5 Ke7 34. Rdb1 Rc1+ 35. Rxc1 Rxc1+ 36. Kg2 Rc6 37. Kf3 Kd7
38. Ke4 Rf6 39. f4 Kc6 40. Rf5 Re6+ 41. Kd4 f6 42. e4 b5 43. Rc5+ Kb6 44. e5
fxe5+ 45. Rxe5 Rxe5 46. fxe5 Kc6 47. h4 g6 48. h5 g5 49. Ke4 b4 50. axb4
axb4 51. Kf5 b3 52. Kg6 b2 53. Kxh6 b1=Q 54. Kxg5 Qh7 55. Kf6 Kd5 56. e6 Kd6
57. g5 Qe7+ {White resigns} 0-1

[Event "ICC tourney 3063 (30 10)"]
[Site "Internet Chess Club"]
[Date "2022.11.19"]
[Round "2"]
[White "GU, CRYSTAL JIUZHOU:fantasymoon"]
[Black "TAO, SIHAN:K06-16931716"]
[Result "0-1"]
[ICCResult "White resigns"]
[WhiteElo "1956"]
[BlackElo "1901"]
[Opening "Catalan: closed, 5.Nf3"]
[ECO "E06"]
[NIC "CA.05"]
[Time "14:00:35"]
[PlyCount "126"]
[TimeControl "1800+10"]

1. d4 Nf6 2. c4 e6 3. Nf3 d5 4. g3 Be7 5. Bg2 O-O 6. O-O dxc4 7. Nbd2 Nbd7
8. Qc2 a6 9. Nxc4 Rb8 10. Rd1 Nb6 11. Nxb6 cxb6 12. Bf4 Bd6 13. Bd2 Bd7 14.
Rac1 Bc6 15. Ne5 Bxg2 16. Kxg2 Rc8 17. Qb3 Rxc1 18. Bxc1 Qc7 19. Nc4 b5 20.
Nxd6 Qxd6 21. Qd3 Rc8 22. Bf4 Qd5+ 23. Kg1 Qxa2 24. Qd2 Qb3 25. Rc1 Rxc1+
26. Qxc1 Qc4 27. Qd2 Nd5 28. e4 Nf6 29. Qa5 h6 30. Qd8+ Kh7 31. Be3 Qc6 32.
Qe7 Qd7 33. Qa3 Nxe4 34. Qd3 f5 35. f3 Nf6 36. Bf4 Nd5 37. Bd2 Qc6 38. Qe2
b4 39. Qd3 a5 40. Qe2 a4 41. Qd3 Qa6 42. Qxa6 bxa6 43. Bc1 b3 44. Kf2 a3 45.
bxa3 Nc3 46. Ke3 Na4 47. Kf4 Kg8 48. Ke5 Kf7 49. d5 exd5 50. Kxd5 b2 51.
Bxb2 Nxb2 52. Kc5 Ke6 53. Kb6 Nc4+ 54. Kxa6 Nxa3 55. Kb6 Kd5 56. Ka5 Kd4 57.
Kb4 Ke3 58. Kc5 Kxf3 59. Kd6 Kg2 60. Ke5 Kxh2 61. Kxf5 Kxg3 62. Kg6 Kg4 63.
Kxg7 h5 {White resigns} 0-1

[Event "ICC tourney 3063 (30 10)"]
[Site "Internet Chess Club"]
[Date "2022.11.19"]
[Round "2"]
[White "IVANOV, ALEXANDER:marble"]
[Black "NASUTA, GRZEGORZ:grzechu96"]
[Result "0-1"]
[ICCResult "White forfeits on time"]
[WhiteElo "2362"]
[BlackElo "2589"]
[Opening "Sicilian: Najdorf, Adams attack"]
[ECO "B90"]
[NIC "SI.14"]
[Time "14:00:20"]
[PlyCount "100"]
[TimeControl "1800+10"]

1. e4 c5 2. Nf3 d6 3. d4 cxd4 4. Nxd4 Nf6 5. Nc3 a6 6. h3 e6 7. g4 h6 8. Bg2
Be7 9. Be3 Nc6 10. f4 Nd7 11. O-O O-O 12. a4 Nxd4 13. Qxd4 e5 14. Qd2 exf4
15. Bxf4 Ne5 16. Nd5 Be6 17. Nxe7+ Qxe7 18. b3 Rfd8 19. c4 Qc7 20. Kh2 b5
21. axb5 axb5 22. cxb5 Qb6 23. Rxa8 Rxa8 24. Rb1 Qxb5 25. Qxd6 Ng6 26. Rb2
Nh4 27. Qd1 Nxg2 28. Kxg2 Qb7 29. Qd4 Bd7 30. b4 Bc6 31. Re2 Re8 32. Kh2 Qa6
33. Re1 Qa2+ 34. Qd2 Qc4 35. Qc1 Qa2+ 36. Qd2 Qb3 37. Re3 Qc4 38. Bg3 Bxe4
39. Qe1 Re6 40. b5 Bb7 41. Rxe6 fxe6 42. b6 Qc6 43. Qg1 Qf3 44. Bc7 e5 45.
h4 Qe2+ 46. Kh3 e4 47. Qg2 Qd3+ 48. Kh2 Bd5 49. g5 hxg5 50. hxg5 g6
{White forfeits on time}
0-1

[Event "ICC tourney 3063 (30 10)"]
[Site "Internet Chess Club"]
[Date "2022.11.19"]
[Round "2"]
[White "RASULOV, VUGAR:Vugar-Rasulov"]
[Black "REDDY, SATVIK:chesslead"]
[Result "0-1"]
[ICCResult "White checkmated"]
[WhiteElo "2575"]
[BlackElo "2320"]
[Opening "Réti opening"]
[ECO "A11"]
[NIC "RE.07"]
[Time "14:00:34"]
[PlyCount "136"]
[TimeControl "1800+10"]

1. Nf3 d5 2. c4 c6 3. g3 Nf6 4. Bg2 dxc4 5. O-O Nbd7 6. Na3 Nb6 7. Qc2 Qd5
8. b3 cxb3 9. axb3 Qd8 10. Ne5 Nfd5 11. Nac4 f6 12. Nxb6 Nxb6 13. Nc4 e5 14.
d4 exd4 15. Qe4+ Be7 16. Nxb6 Qxb6 17. Ba3 Qc7 18. Rfc1 Kf7 19. Qxd4 Rd8 20.
Qe4 Bxa3 21. Rxa3 g6 22. b4 Bf5 23. Qe3 Qe7 24. Qb3+ Kg7 25. Qb2 Rd6 26. h4
a6 27. e4 Bg4 28. Ra5 Rad8 29. e5 Rd2 30. Qc3 R8d3 31. Qa1 Rd1+ 32. Kh2 Rxc1
33. Qxc1 fxe5 34. Qe1 e4 35. f4 Rd5 36. Ra3 Rd4 37. Re3 Qxb4 38. Qa1 Kf7 39.
h5 Bxh5 40. Qa2+ Qc4 41. Qb2 b5 42. Ra3 b4 43. Rxa6 Bf3 44. Ra7+ Kf6 45. g4
Qc3 46. Qf2 Rd2 47. Qh4+ Ke6 48. Qe7+ Kd5 49. Qd7+ Kc5 50. Ra5+ Kc4 51.
Qxc6+ Kb3 52. Qa4+ Kb2 53. Qa1+ Kc2 54. Ra2+ Kd3 55. Qb1+ Kd4 56. Qg1+ e3
57. Kg3 Rxg2+ 58. Rxg2 Bxg2 59. Qd1+ Qd2 60. Qa1+ Kc4 61. Qa6+ Kc3 62. Qa1+
Kc4 63. Qa6+ Kb3 64. Qe6+ Bd5 65. Qe5 Qf2+ 66. Kh3 Bg2+ 67. Kh2 Bf1+ 68. Kh1
Qg2# {White checkmated} 0-1

[Event "ICC tourney 3063 (30 10)"]
[Site "Internet Chess Club"]
[Date "2022.11.19"]
[Round "2"]
[White "LIANG, YU-CHENG:Yucheng"]
[Black "SCHENK, SAM:SupaHotFiya"]
[Result "1/2-1/2"]
[ICCResult "Game drawn by mutual agreement"]
[WhiteElo "2063"]
[BlackElo "1927"]
[Opening "Modern defense"]
[ECO "A40"]
[NIC "QO.17"]
[Time "14:00:29"]
[PlyCount "115"]
[TimeControl "1800+10"]

1. d4 g6 2. c4 Bg7 3. e4 Nc6 4. Be3 e5 5. d5 Nd4 6. Bd3 c5 7. Ne2 d6 8. O-O
Ne7 9. Nbc3 O-O 10. f4 f5 11. fxe5 dxe5 12. g3 fxe4 13. Nxe4 Bh3 14. Rxf8+
Qxf8 15. Nxd4 cxd4 16. Bg5 Nf5 17. Nf2 e4 18. Nxh3 exd3 19. Qxd3 Re8 20. Rf1
Qb4 21. Qb3 Qc5 22. Qxb7 d3+ 23. Nf2 Qxc4 24. Rc1 Qd4 25. Rc8 Rf8 26. Rxf8+
Bxf8 27. Bd2 h5 28. Bc3 Qe3 29. Qd7 Qc1+ 30. Kg2 Ne3+ 31. Kf3 Nf5 32. Qe6+
Kh7 33. Qf7+ Bg7 34. Bxg7 Qe3+ 35. Kg2 Nxg7 36. Qf3 Nf5 37. Qxe3 Nxe3+ 38.
Kf3 Nxd5 39. Nxd3 Kg7 40. Ke4 Nb6 41. Kd4 Kf6 42. b4 g5 43. Nc5 Kf5 44. h3
h4 45. gxh4 gxh4 46. a4 Kf4 47. a5 Nc8 48. Nd7 Kg3 49. Ne5 Kxh3 50. Ng6 Nd6
51. Kc5 Ne4+ 52. Kc6 Nf2 53. b5 Nd3 54. Nxh4 Kxh4 55. b6 axb6 56. Kxb6 Nb4
57. Kc5 Na6+ 58. Kb6 {Game drawn by mutual agreement} 1/2-1/2

[Event "ICC tourney 3063 (30 10)"]
[Site "Internet Chess Club"]
[Date "2022.11.19"]
[Round "3"]
[White "HEBDEN, MARK L:mhebden"]
[Black "Tang, Austin:Mrpeetapizza"]
[Result "0-1"]
[ICCResult "White resigns"]
[WhiteElo "2539"]
[BlackElo "1903"]
[Opening "King's Indian: East Indian defense"]
[ECO "A48"]
[NIC "QP.06"]
[Time "16:00:06"]
[PlyCount "46"]
[TimeControl "1800+10"]

1. d4 Nf6 2. Nf3 g6 3. Nbd2 d5 4. b4 Bg7 5. e3 O-O 6. c4 b6 7. b5 a6 8. a4
dxc4 9. Bxc4 axb5 10. Bxb5 Bd7 11. Bb2 Qe8 12. Qb3 Nc6 13. Nc4 Na5 14. Nxa5
Rxa5 15. Bc3 Ra8 16. O-O Bxb5 17. axb5 Qd7 18. Ra6 Qd5 19. Qxd5 Nxd5 20. Bd2
Rxa6 21. bxa6 Ra8 22. Ra1 c5 23. dxc5 Bxa1 {White resigns} 0-1

[Event "ICC tourney 3063 (30 10)"]
[Site "Internet Chess Club"]
[Date "2022.11.19"]
[Round "3"]
[White "RASULOV, VUGAR:Vugar-Rasulov"]
[Black "YAN, RUIYANG:jy2020"]
[Result "1-0"]
[ICCResult "Black resigns"]
[WhiteElo "2575"]
[BlackElo "2227"]
[Opening "QGD: 4.Nf3"]
[ECO "D37"]
[NIC "QI.01"]
[Time "16:00:27"]
[PlyCount "67"]
[TimeControl "1800+10"]

1. d4 Nf6 2. c4 e6 3. Nf3 d5 4. Nc3 a6 5. a4 Bb4 6. Bg5 O-O 7. e3 h6 8. Bxf6
Qxf6 9. Be2 b6 10. cxd5 exd5 11. O-O Bb7 12. Qb3 Qd6 13. Ne5 a5 14. f4 f6
15. Bf3 Bxc3 16. bxc3 fxe5 17. fxe5 Qe6 18. e4 Rd8 19. h3 Na6 20. Bg4 Qe7
21. e6 Rf8 22. exd5 Qd6 23. c4 Nb4 24. Rae1 c6 25. Rxf8+ Rxf8 26. e7 Re8 27.
c5 bxc5 28. dxc6+ Kh8 29. cxb7 Qxd4+ 30. Qe3 Qd6 31. Qe5 Qxe5 32. Rxe5 Nc6
33. Bd7 Nxe5 34. Bxe8 {Black resigns} 1-0